AoeStats
← BenJames

Arabia

503305414Analyzed
2v2 RM · 1mo ago on Aug 31, 2026· 55m 33s· 4 players
Game mode
Random Map
Map size
Medium (4 player)
Population
200
Speed
Normal
Resources
Standard
Victory
Conquest
Starting age
Dark Age
Ending age
Imperial Age
RankedLock teamsTeams togetherTeam positionsShared explorationLock speedFull tech treeHidden civsTurbo modeCheats
Victory
Defeat
🇨🇴 Wei · Colombia
1269
+12
🇨🇴 Britons · Colombia
1267
+13
🇦🇷 Chinese · Argentina
1200
-13
🇨🇴 Mongols · Colombia
1182
-12
ant
0:25 Loom
8:54 Feudal Age
9:52 Double-Bit Axe
13:17 Horse Collar
18:31 Wheelbarrow
18:13 Gold Mining
21:26 Castle Age
19:35 Scale Barding Armor
20:31 Bloodlines
21:34 Forging
21:32 Light Cavalry
22:37 Chain Barding Armor
23:43 Iron Casting
24:13 Bow Saw
26:01 Fletching
26:12 Padded Archer Armor
26:59 Heavy Plow
27:35 Gold Shaft Mining
26:30 Crossbowman
27:16 Thumb Ring
28:05 Bodkin Arrow
33:22 Imperial Age
31:46 Leather Archer Armor
34:04 Bracer
33:25 Arbalester
33:34 Arbalester
34:35 Ballistics
36:08 Chemistry
37:08 Ring Archer Armor
36:32 Town Watch
37:03 Hand Cart
37:48 Elite Skirmisher
41:38 Two-Man Saw
BenJames
6:12 Loom
8:49 Feudal Age
12:15 Double-Bit Axe
20:31 Castle Age
19:13 Gold Mining
19:06 Horse Collar
20:47 Forging
20:45 Scale Barding Armor
20:55 Bloodlines
23:47 Husbandry
27:57 Bow Saw
27:54 Heavy Plow
28:45 Fletching
31:15 Wheelbarrow
33:06 Hand Cart
33:14 Padded Archer Armor
33:21 Bodkin Arrow
37:25 Imperial Age
35:24 Leather Archer Armor
37:54 Gold Shaft Mining
38:28 Ballistics
39:09 Chemistry
38:48 Bracer
40:32 Chain Barding Armor
40:46 Conscription
41:12 Elite Mangudai
43:14 Elite Steppe Lancer
47:27 Iron Casting
52:18 Siege Engineers
Splattcol
9:42 Feudal Age
9:02 Loom
10:16 Double-Bit Axe
15:38 Fletching
17:44 Wheelbarrow
21:50 Castle Age
19:47 Horse Collar
22:29 Bodkin Arrow
21:55 Crossbowman
22:55 Bow Saw
23:10 Padded Archer Armor
24:02 Town Watch
25:53 Leather Archer Armor
26:39 Ballistics
27:46 Hand Cart
36:33 Imperial Age
36:51 Gold Mining
37:20 Bracer
36:47 Arbalester
39:09 Chemistry
38:50 Hoardings
39:58 Ring Archer Armor
40:06 Yeomen
40:09 Conscription
40:48 Scale Barding Armor
44:31 Two-Man Saw
44:05 Chain Barding Armor
45:32 Plate Barding Armor
46:07 Forging
47:33 Light Cavalry
48:14 Husbandry
47:55 Elite Longbowman
49:30 Gold Shaft Mining
48:46 Stone Mining
49:47 Iron Casting
49:23 Warwolf
51:47 Siege Engineers
51:54 Masonry
52:12 Scale Mail Armor
53:12 Blast Furnace
52:38 Masonry
Tizon
7:29 Loom
9:56 Feudal Age
10:41 Double-Bit Axe
10:38 Horse Collar
18:49 Forging
21:11 Wheelbarrow
23:55 Castle Age
22:24 Scale Mail Armor
22:47 Stone Mining
24:40 Pikeman
26:30 Bow Saw
26:23 Heavy Plow
26:17 Gold Mining
30:15 Hand Cart
37:25 Imperial Age
34:52 Elite Skirmisher
35:39 Thumb Ring
35:26 Fletching
35:37 Padded Archer Armor
36:31 Iron Casting
36:02 Scale Barding Armor
37:52 Ballistics
37:44 Fortified Wall
37:58 Bloodlines
39:45 Bodkin Arrow
40:07 Leather Archer Armor
40:53 Blast Furnace
41:48 Bracer
42:10 Chain Barding Armor
42:21 Ring Archer Armor
43:45 Chemistry
46:17 Heavy Hei Guang Cavalry
47:44 Parthian Tactics
50:38 Halberdier
51:18 Squires
51:04 Arson
51:36 Chain Mail Armor
52:04 Conscription
Connection lost

Rejoining the realm…

Still unreachable

The connection could not be restored.

Session expired

The server has moved on; the page needs a fresh start.